Map: Thunderbird LE

Players

Mez - Winner!

  • Race: Terran Terran
  • League: Master
  • Spawn Location: 5:00

Adi

  • Race: Protoss Protoss
  • League: Master
  • Spawn Location: 11:00

VOD

Have the link to the VOD?

Description

Time

  • Played on: July 31, 2019, 1:08 a.m.
  • Length: 17:53
Show
View Real Time Build Order
Export as new Build Order

Mez Terran - Winner!

Build Orders: Reaper Expand 

Get SALT Encoding   

  12  0:00  SCV  
  13  0:13  SCV  
  14  0:18  Supply Depot  
  14  0:25  SCV  
  15  0:40  SCV  
  15  0:41  Barracks  
  16  0:44  Refinery  
  16  0:52  SCV  
  17  1:04  SCV  
  18  1:16  SCV  
  19  1:29  Reaper, Orbital Command  
  20  1:46  Command Center  
  20  1:53  Barracks  
  20  1:57  SCV  
  21  2:01  Barracks Reactor  
  21  2:13  SCV  
  22  2:15  Barracks  
  22  2:22  Supply Depot  
  22  2:25  SCV  
  23  2:43  Marine x2  
  23  2:44  SCV  
  26  2:47  Barracks Tech Lab  
  26  2:56  SCV  
  26  3:04  Marine x2  
  26  3:05  Marine  
  28  3:07  Marauder  
  31  3:27  SCV  
  32  3:28  Concussive Shells, Orbital Command  
  32  3:32  Marine x2, Marauder  
  35  3:42  SCV  
  35  3:46  Supply Depot  
  36  3:48  Marine  
  36  3:51  Marine x2  
  36  3:53  Marine  
  36  3:54  SCV  
  41  3:56  SCV  
  42  4:06  Marine  
  42  4:08  SCV x2  
  45  4:12  Stimpack  
  45  4:14  Factory, Supply Depot  
  45  4:15  Refinery  
  45  4:16  Refinery  
  45  4:22  SCV x2  
  47  4:31  Marine x3  
  49  4:33  Barracks Reactor  
  49  4:34  SCV x2, Barracks Tech Lab  
  52  4:39  Supply Depot  
  52  4:46  SCV x2  
  45  5:00  Marine x3  
  45  5:01  Marine  
  45  5:03  Starport, Factory Reactor  
  45  5:07  Command Center  
  47  5:09  SCV x2  
  49  5:16  Combat Shield  
  49  5:21  SCV x2  
  49  5:22  Engineering Bay  
  49  5:26  Engineering Bay  
  51  5:31  Marine x4  
  51  5:33  SCV x2  
  55  5:48  SCV x2  
  55  5:49  Medivac x2  
  57  5:58  Marine x2  
  57  5:59  Marauder x2  
  57  6:02  SCV  
  62  6:04  Barracks  
  62  6:06  Barracks  
  62  6:09  Terran Infantry Armor Level 1, Terran Infantry Weapons Level 1  
  62  6:11  SCV  
  62  6:14  SCV  
  62  6:16  Refinery  
  64  6:19  Marine x2  
  58  6:36  Marauder  
  58  6:37  Marauder  
  58  6:38  Medivac x2  
  66  6:42  SCV x2  
  66  6:43  Orbital Command  
  68  6:47  Supply Depot  
  68  6:49  Marine x2, Supply Depot  
  70  6:54  Barracks Reactor  
  70  6:55  Barracks Tech Lab  
  70  7:03  Marauder  
  70  7:04  SCV x2, Marauder  
  76  7:10  SCV  
  76  7:14  Supply Depot  
  76  7:15  Medivac x2, Supply Depot  
  81  7:20  Marine x2  
  83  7:23  SCV x3  
  83  7:27  Refinery  
  85  7:35  Marine x3, Marauder x2  
  87  7:38  SCV x2, Marine  
  87  7:39  SCV  
  87  7:43  Marine  
  92  7:52  Marine, Supply Depot  
  92  7:53  Marauder  
  92  7:57  SCV x2  
  92  7:58  Supply Depot  
  97  7:59  Armory  
  97  8:02  Marine x3, Marauder x2  
  104  8:06  SCV  
  104  8:08  Medivac x2  
  104  8:09  SCV  
  110  8:13  Marine  
  110  8:15  SCV  
  110  8:18  SCV  
  113  8:28  Marine x2  
  113  8:29  Marauder x2  
  113  8:33  Command Center  
  119  8:35  SCV x2  
  119  8:39  Supply Depot  
  119  8:40  Medivac x2, Supply Depot  
  125  8:46  SCV  
  125  8:48  SCV  
  127  8:51  Terran Infantry Armor Level 2, Terran Infantry Weapons Level 2  
  127  8:54  SCV  
  128  8:58  SCV  
  103  9:25  Marine x4, Marauder x2  
  103  9:26  Marauder  
  105  9:32  Medivac x2  
  106  9:42  Marine  
  106  9:43  Marine x3  
  106  9:44  Barracks  
  106  9:45  Barracks  
  104  9:46  Marine, Marauder x2  
  104  9:51  Barracks  
  109  9:56  Barracks  
  109  9:57  Barracks  
  109  9:58  Barracks  
  109  9:59  Barracks  
  103  10:00  Marine x2  
  103  10:02  Marine x2  
  103  10:05  Marauder  
  109  10:08  Marauder x2  
  113  10:14  Ghost Academy  
  113  10:16  Refinery  
  113  10:18  Marine x2, Supply Depot  
  113  10:19  Medivac x2  
  113  10:20  Marine  
  120  10:26  Marauder  
  122  10:29  Marauder x2  
  122  10:33  Supply Depot x2  
  122  10:34  Barracks Tech Lab  
  122  10:35  Barracks Reactor  
  126  10:39  Marine x4  
  126  10:40  Planetary Fortress  
  131  10:43  SCV x2  
  131  10:45  SCV  
  131  10:48  Marauder  
  136  10:50  Barracks Reactor, Marine x2, Barracks Tech Lab x2  
  136  10:52  Barracks Tech Lab  
  128  11:06  Marine  
  128  11:07  Marine x3  
  128  11:08  Marauder  
  128  11:11  Medivac x2  
  135  11:13  Ghost  
  135  11:14  Ghost x4  
  135  11:16  SCV x4  
  149  11:22  Personal Cloaking  
  149  11:28  SCV x3  
  149  11:29  SCV  
  153  11:38  Terran Infantry Weapons Level 3  
  153  11:41  Refinery  
  153  11:43  Terran Infantry Armor Level 3, Refinery  
  153  11:46  Command Center  
  153  11:50  Marauder  
  153  11:51  Marine x4, Marauder x3  
  165  12:01  Marine  
  165  12:02  Marine x5  
  165  12:03  Marauder x2  
  165  12:06  Supply Depot  
  175  12:10  Supply Depot  
  175  12:14  Missile Turret  
  175  12:18  Marine x3  
  175  12:19  Marauder  
  179  12:34  Liberator x2  
  139  12:45  Marine x5, Marauder  
  139  12:46  Marine x4, Marauder x3  
  149  13:03  Marauder x3  
  153  13:10  Starport  
  153  13:12  Starport  
  153  13:15  Barracks Tech Lab  
  153  13:17  Fusion Core, Liberator  
  153  13:21  Command Center  
  153  13:24  Liberator  
  153  13:26  SCV  
  154  13:27  Ghost x3  
  154  13:28  Ghost x3  
  154  13:29  Marine x2  
  168  13:38  Sensor Tower  
  174  13:51  Planetary Fortress  
  174  13:54  Missile Turret  
  174  13:55  Missile Turret  
  174  14:09  Sensor Tower x2, Starport Reactor  
  175  14:14  Starport Tech Lab  
  175  14:16  Missile Turret, Marine  
  175  14:17  Marine x6, Marauder x4  
  176  14:18  Marauder x2  
  190  14:34  Liberator x3  
  150  14:50  Marine x10, Marauder x6  
  181  15:05  Advanced Ballistics  
  181  15:08  Marine  
  182  15:19  Marine, Marauder  
  179  15:23  Marine  
  179  15:24  Marine x3, Marauder x4  
  189  15:28  Liberator  
  189  15:33  Marine x2, Marauder x2  
  195  15:36  Orbital Command  
  195  15:38  Command Center  
  195  15:46  Refinery  
  195  15:47  Refinery  
  184  16:13  Marauder x2  
  188  16:22  Ghost x2, Command Center  
  188  16:23  Ghost, Marine x6  
  190  17:17  Marine  
  190  17:18  Marine x7, Marauder  
Show
View Real Time Build Order
Export as new Build Order

Adi Protoss 

Build Orders: Blink Stalkers 

Get SALT Encoding   

  12  0:00  Probe  
  13  0:13  Probe  
  14  0:18  Pylon  
  14  0:24  Probe  
  15  0:33  Probe  
  15  0:40  Gateway  
  16  0:43  Probe, Assimilator  
  17  0:54  Probe  
  18  1:02  Probe  
  18  1:10  Probe  
  20  1:27  Pylon  
  20  1:32  Zealot, Probe  
  23  1:34  Cybernetics Core  
  23  1:45  Probe  
  24  1:55  Nexus  
  24  2:03  Probe  
  24  2:05  Stalker, Pylon  
  26  2:17  Warp Gate  
  26  2:24  Assimilator  
  26  2:28  Probe  
  27  2:34  Stalker  
  29  2:49  Twilight Council  
  29  2:56  Probe  
  30  3:00  Pylon  
  30  3:12  Probe x2  
  32  3:18  Gateway  
  32  3:21  Gateway  
  32  3:23  Gateway  
  30  3:35  Probe  
  30  3:37  Blink  
  30  3:40  Probe  
  31  3:43  Probe  
  33  3:48  Probe  
  33  3:53  Nexus  
  34  3:59  Probe  
  34  4:00  Probe  
  36  4:11  Probe  
  36  4:15  Stalker x2  
  41  4:27  Stalker, Probe  
  44  4:38  Shield Battery  
  42  4:39  Stalker, Shield Battery  
  42  4:40  Zealot  
  42  4:41  Zealot  
  48  4:50  Probe  
  48  4:51  Probe  
  48  5:03  Stalker, Probe x2  
  48  5:04  Stalker  
  54  5:09  Probe  
  55  5:15  Probe x2  
  55  5:20  Stalker  
  55  5:21  Stalker  
  61  5:22  Probe  
  61  5:27  Probe x2  
  64  5:31  Probe  
  63  5:35  Stalker x2  
  63  5:39  Probe x2  
  69  5:49  Probe  
  69  5:52  Probe  
  69  6:04  Pylon  
  69  6:06  Assimilator  
  69  6:08  Forge x2  
  69  6:12  Robotics Facility  
  69  6:14  Pylon  
  69  6:20  Pylon  
  69  6:22  Probe x3  
  66  6:34  Probe  
  66  6:35  Protoss Ground Weapons Level 1  
  66  6:38  Stalker  
  66  6:39  Stalker x3  
  75  6:40  Probe  
  76  6:47  Probe  
  76  6:50  Probe, Pylon  
  76  6:52  Probe, Assimilator  
  79  6:59  Pylon, Gateway  
  79  7:00  Gateway  
  79  7:05  Probe x2  
  79  7:07  Probe  
  82  7:09  Assimilator  
  82  7:17  Probe  
  82  7:18  Probe  
  82  7:19  Probe  
  85  7:29  Probe  
  86  7:30  Probe  
  86  7:31  Probe  
  86  7:33  Protoss Ground Armor Level 1  
  80  7:37  Stalker x2  
  80  7:38  Stalker x2  
  80  7:42  Probe  
  89  7:45  Immortal  
  89  7:48  Assimilator  
  93  8:00  Assimilator, Nexus  
  93  8:01  Charge  
  93  8:02  Zealot x5  
  93  8:03  Zealot  
  93  8:04  Assimilator, Pylon  
  105  8:10  Templar Archives  
  105  8:14  Pylon  
  105  8:17  Gateway x2  
  105  8:20  Pylon  
  105  8:22  Photon Cannon  
  105  8:23  Sentry x3  
  105  8:24  Immortal  
  111  8:27  Probe x2  
  111  8:28  Probe  
  118  8:35  Photon Cannon  
  118  8:37  Shield Battery  
  118  8:38  Photon Cannon  
  118  8:39  Zealot  
  118  8:40  Zealot  
  122  8:53  Zealot x4  
  114  9:18  Zealot x3  
  114  9:19  Zealot x3  
  92  9:41  Protoss Ground Weapons Level 2, Protoss Ground Armor Level 2  
  92  9:45  Stalker x4  
  96  9:46  Stalker x2  
  96  9:48  Probe x3  
  107  10:06  Immortal  
  111  10:09  Probe x3  
  111  10:10  Probe  
  115  10:15  Stalker  
  115  10:16  Stalker x2  
  115  10:17  Stalker x5  
  131  10:21  Probe  
  131  10:26  Psionic Storm  
  132  10:40  Probe  
  132  10:41  Probe  
  132  10:42  High Templar x3, Probe  
  139  10:43  High Templar  
  127  11:09  Zealot  
  127  11:10  Zealot x3  
  127  11:11  Immortal  
  127  11:15  Robotics Bay  
  131  11:19  Pylon  
  131  11:20  Zealot x2, Robotics Facility  
  131  11:21  Zealot x2  
  139  11:29  Stargate  
  139  11:30  Stalker  
  139  11:31  Stalker x3  
  147  11:40  Probe x2  
  147  11:44  Photon Cannon  
  149  11:49  Zealot x3  
  155  12:02  Extended Thermal Lance  
  155  12:05  Nexus  
  155  12:06  Pylon  
  155  12:08  Pylon  
  155  12:10  Pylon  
  155  12:11  Pylon  
  155  12:13  Pylon  
  155  12:14  Pylon  
  155  12:16  Fleet Beacon  
  155  12:18  Probe  
  155  12:19  Colossus  
  155  12:20  Colossus  
  156  12:25  Probe x2  
  156  12:27  Archon x2  
  156  12:29  Zealot  
  166  12:30  Zealot x7  
  166  12:34  Protoss Ground Weapons Level 3  
  140  12:44  Protoss Ground Armor Level 3  
  140  12:46  Mothership  
  140  12:50  Zealot x3  
  140  12:51  Zealot x4  
  142  12:55  Colossus  
  142  12:56  Colossus  
  142  13:08  Zealot  
  152  13:16  Photon Cannon  
  152  13:17  Photon Cannon  
  152  13:19  Photon Cannon  
  164  13:21  Photon Cannon  
  164  13:22  Pylon  
  164  13:32  Pylon  
  164  13:33  High Templar x4  
  172  13:35  Zealot x3  
  172  13:36  Zealot  
  180  13:44  Colossus  
  180  13:46  Colossus  
  180  13:52  Assimilator  
  180  13:54  Assimilator  
  192  14:00  Stalker x4  
  200  14:24  Dark Shrine  
  170  14:41  Archon  
  170  14:45  Colossus  
  130  14:47  Stalker x5  
  130  14:48  Stalker, Colossus  
  136  14:53  Zealot x2  
  136  15:11  Zealot  
  136  15:12  Zealot, High Templar x3  
  146  15:14  Stalker x3  
  146  15:20  Archon  
  106  15:30  Colossus  
  106  15:31  Colossus  
  106  15:32  Void Ray  
  108  15:38  Stalker x4  
  108  15:39  Zealot  
  130  15:46  Zealot x3  
  136  15:55  Stargate  
  134  15:57  Stargate  
  134  15:59  Stargate  
  134  16:00  Zealot  
  134  16:01  Zealot x4  
  132  16:09  Carrier  
  106  16:16  Zealot  
  106  16:17  Zealot x5  
  104  16:24  Colossus x2  
  113  16:29  Stalker x2  
  125  16:38  Zealot x4  
  125  16:39  Zealot  
  141  16:40  Zealot  
  109  17:18  Zealot  
  109  17:19  Zealot x6  
  89  17:46  Zealot x4  
  89  17:47  Zealot x2  
Tags
 
Add a new tag
Caveats
  • Supply blocks, unpowered buildings, or Contaminate may cause inaccurate times.
  • Supply counts are checked every 10 seconds.